[Event "Arsen Yeghiazaryan Memorial 2022"]
[Site "Yerevan"]
[Date "2022.07.07"]
[Round "7.4"]
[White "Yeritsyan, Hayk"]
[Black "Nazari, Arad"]
[Result "0-1"]
[ECO "B90"]
[WhiteElo "2249"]
[BlackElo "2401"]
[Annotator "TA"]
[PlyCount "82"]
[EventDate "2022.06.30"]
[EventType "tourn"]
[EventCountry "ARM"]
[SourceTitle "playchess.com"]
[Source "ChessBase"]
[SourceQuality "1"]
[TimeControl "40/5400+30:1800+30"]

1. e4 c5 2. Nf3 d6 3. d4 cxd4 4. Nxd4 Nf6 5. Nc3 a6 6. Be3 e5 7. Nb3 Be6 8. f4 Be7 {[%emt 0:06:24] B90: Sicilian Najdorf: Unusual White 6th moves, 6 Be3 Ng4 and 6 Be3 e5.} (8... exf4 $11 9. Bxf4 Nc6) 9. f5 $14 Bd7 {[%emt 0:00:01] [#]} 10. a4 $146 (10. Qf3 $14) ({Predecessor:} 10. Qf3 Bc6 11. O-O-O h5 12. h3 h4 13. Kb1 Nbd7 14. Rg1 Rc8 15. g3 hxg3 16. Rxg3 {0-1 (40) Braeuer,F (2428)-Keymer,V (2655) Germany 2022}) 10... Bc6 (10... Nc6 $11) 11. Nd5 (11. Qf3 $1 $14) 11... Bxd5 (11... Nxe4 12. Bb6 Qc8 13. Nc7+ Kf8 14. Nxa8 $11) 12. exd5 Qc8 (12... Nbd7 13. c4 $11) 13. Qd3 e4 14. Qc4 Qxf5 15. Nd4 Qd7 16. Be2 O-O (16... Ng4 17. Bxg4 Qxg4 18. O-O $16) 17. O-O g6 {[%emt 0:01:02] Against Nf5} 18. Bg5 Qd8 (18... Rc8 $5 19. Qb3 Ne8 $11) 19. Ra3 (19. Qb3 $11 Nbd7 20. Bh6 (20. Qxb7 Nc5 $11)) 19... Nbd7 $15 20. Rg3 Kh8 ({Black should play} 20... Qb6 $17 21. c3 Qxb2) 21. b4 (21. Bh6 {looks sharper.} Qb6 22. Bxf8 Rxf8 23. Rb3) 21... Ne5 22. Qb3 {[%emt 0:00:35] [#]} Rg8 (22... Nxd5 $1 $15 {might be stronger.} 23. Bh6 Nc7 $1 24. Bxf8 Bxf8) 23. c4 {[%emt 0:02:30] [#]} (23. Bd2 $11) 23... Nxd5 $1 $17 {[%emt 0:06:28][%mdl 512] Pair of Knights!} 24. Bc1 {[%emt 0:01:04] [#]} (24. Bd2 Nc7) 24... Nc7 25. Rh3 Bg5 {[%emt 0:01:32] Prevents Qe3.} (25... f5 $19 26. Rd1 Bg5) 26. Qc3 (26. Bb2 $17) 26... Rg7 27. Bb2 Qe7 28. c5 (28. Rg3 $142) 28... dxc5 29. bxc5 (29. Qxc5 {was called for.} f6 30. Rb3) 29... Nd5 $19 30. Qb3 Nf4 ({Not} 30... Qxc5 31. Qxb7 Rd8 32. Kh1 $17) 31. Rg3 h6 {[%emt 0:00:12] And now ...Rd8 would win.} ({Inferior is} 31... Qxc5 32. Kh1 Qe7 33. Ba3 $17) 32. Kh1 (32. h4 $142 Nxe2+ 33. Nxe2 Bxh4 34. Rh3) 32... Rd8 33. Qb6 (33. Qc2 $142 Nfd3 34. Ba1) 33... Nxe2 34. Nxe2 {[%emt 0:00:03][%cal Og3g5] aiming for Rxg5!} Rd2 35. Ng1 Kh7 {[%emt 0:01:17] Hoping for ...Nc4.} 36. Bc1 Rd3 37. Rxg5 (37. Bxg5 $142 hxg5 38. Rxd3 Nxd3 39. c6 bxc6 40. Qxc6) 37... hxg5 38. Nh3 f6 39. Nf2 {[%emt 0:01:37] [#]} e3 $1 40. Ne4 (40. Nxd3 e2) 40... e2 41. Nxf6+ {[%emt 0:00:19] [#]} Qxf6 $3 {[%emt 0:01:38][%mdl 512] Weighted Error Value: White=0.76/Black=0.22 (precise)} 0-1

[Event "Arsen Yeghiazaryan Memorial 2022"]
[Site "Yerevan"]
[Date "2022.07.07"]
[Round "7.5"]
[White "Quparadze, Giga"]
[Black "Yeremyan, Alen"]
[Result "1/2-1/2"]
[ECO "B31"]
[WhiteElo "2482"]
[BlackElo "2233"]
[Annotator "TA"]
[PlyCount "169"]
[EventDate "2022.06.30"]
[EventType "tourn"]
[EventCountry "ARM"]
[SourceTitle "playchess.com"]
[Source "ChessBase"]
[SourceQuality "1"]
[TimeControl "40/5400+30:1800+30"]

1. e4 c5 2. Nf3 Nc6 3. Bb5 g6 4. O-O Bg7 5. c3 Nf6 6. Re1 O-O 7. d4 cxd4 8. cxd4 d5 9. e5 Ne4 10. Bxc6 bxc6 11. Be3 $1 {[%emt 0:00:03][%mdl 4] is more profitable than 11.Nbd2 at the moment. B31: Sicilian: 2...Nc6 3 Bb5 g6.} Qb6 12. Qc1 Rb8 13. b3 {[%emt 0:00:33] White has an edge.} f6 14. Nc3 Nxc3 15. Qxc3 Bg4 16. exf6 exf6 17. Bf4 Rbc8 18. Bd6 Rfe8 {[%emt 0:01:12] [#]} 19. Nd2 $146 ({Predecessor:} 19. Rxe8+ Rxe8 20. Re1 Rxe1+ 21. Qxe1 Qd8 22. Bc5 a6 23. h3 Bc8 24. Qb4 Kf7 25. Qb8 {½-½ (51) Petrov,N (2586)-Halkias,S (2530) Arco 2019}) 19... Qb7 20. h3 Bf5 21. Bc5 g5 22. Nf1 Bg6 23. h4 h6 24. Qg3 Qd7 25. f4 g4 26. Qf2 Be4 27. f5 Qxf5 28. Qxf5 Bxf5 {[%emt 0:00:03] This bishop pair is nice.} 29. Bxa7 Be4 30. Ng3 Kf7 31. Bc5 f5 32. Nh5 Bh8 33. Re3 (33. a4 $14) 33... Ra8 $1 $11 34. a4 Ra5 35. Rd1 {[%emt 0:00:05] [#]} Rb8 (35... Rxc5 $1 $17 36. dxc5 Be5) 36. Bd6 Rb7 37. Rc3 Ra6 38. Kf2 Ke6 39. Bc5 Kd7 40. Bf8 {[%emt 0:00:00] [#]} (40. g3 $11 {keeps the balance.}) 40... Ra8 (40... Rab6 $1 $17 41. Ng3 Rxb3 42. Rxb3 Rxb3 43. Nxe4 fxe4) 41. Bc5 Ra5 {[%emt 0:07:45][%cal Oa5c5] ...Rxc5! is the strong threat.} 42. Bf8 Ra8 43. Bc5 Ra5 {[%emt 0:00:12][%cal Oa5c5] Hoping for ...Rxc5!} 44. Ba3 Ra8 45. Rd2 (45. Bc5 $11) 45... Rab8 $15 46. Bc5 Rxb3 47. Rxb3 Rxb3 48. a5 Kc8 (48... g3+ $1 $15 49. Nxg3 Bf6 50. Nxe4 fxe4) 49. a6 $11 g3+ 50. Nxg3 Bf6 $1 51. Ra2 (51. a7 {feels hotter.} Kb7 52. Ra2 Ka8 53. Nxe4 fxe4 54. g3) 51... Kb8 (51... Bxh4 {is more complex.} 52. a7 Bxg3+ 53. Ke2 Rb8) 52. Nxe4 fxe4 {[%emt 0:05:39][%mdl 4096] Endgame KRB-KRB} ({Resist} 52... dxe4 53. g3 $16) 53. g3 Rd3 54. Ra4 Ka8 55. a7 Bd8 56. Ra6 Rf3+ 57. Ke2 Rf6 (57... Rxg3 $2 58. Rxc6 Bc7 59. Rxc7 $18) 58. g4 Rg6 59. h5 Re6 60. Ra1 {[%emt 0:00:15] Strongly threatening Rb1.} Rf6 (60... Be7 $11 {remains equal.}) 61. Rb1 Bc7 {[%emt 0:00:12] [#] Against Rb8+} 62. Rg1 $1 {[%emt 0:00:17] And now g5 would win.} Bd8 63. Rg3 (63. g5 $16 hxg5 64. Rf1 Rxf1 65. Kxf1) 63... Rf7 64. Rb3 Bc7 {[%emt 0:02:09] Inhibits Rb8+.} 65. Rb1 Rf6 66. Rf1 (66. Bb4 $5 ) 66... Rxf1 {[%emt 0:01:24] The position is equal.} 67. Kxf1 {[%emt 0:00:05][%cal Og4g5] aiming for g5! KB-KB} Bd8 $1 68. Ke2 Bg5 69. Bb4 {[%emt 0:00:12] Black must now prevent Bd2.} Bf6 $1 (69... Kxa7 $2 70. Bd2 Be7 71. Bxh6 $18) 70. Bc5 Kb7 71. Kf2 Bh4+ 72. Kg2 Bg5 73. Kg3 Be3 74. Kh3 Ka8 75. Kg2 Kb7 76. Kf1 Ka8 77. Ke2 Bg5 $1 78. Bb4 {[%emt 0:01:44] Threatens to win with Bd2.} Bf6 $1 (78... Kxa7 $2 79. Bd2 Be7 80. Bxh6 $18) 79. Bc5 Bg5 80. Kf2 Bh4+ 81. Kg2 Bg5 82. Bb6 Be3 83. Kg3 Kb7 84. Bc5 Ka8 85. Kg2 {[%emt 0:03:31] Weighted Error Value: White=0.10 (very precise) /Black=0.12 (very precise)} 1/2-1/2

[Event "Arsen Yeghiazaryan Memorial 2022"]
[Site "Yerevan"]
[Date "2022.07.08"]
[Round "8.1"]
[White "Quparadze, Giga"]
[Black "Agasarov, Benik"]
[Result "1-0"]
[ECO "C65"]
[WhiteElo "2482"]
[BlackElo "2225"]
[Annotator "RC"]
[PlyCount "73"]
[EventDate "2022.06.30"]
[EventType "tourn"]
[EventCountry "ARM"]
[SourceTitle "playchess.com"]
[Source "ChessBase"]
[SourceQuality "1"]
[TimeControl "40/5400+30:1800+30"]

1. e4 e5 2. Nf3 Nc6 3. Bb5 Nf6 4. d3 Bc5 5. c3 O-O 6. O-O d5 7. Nbd2 dxe4 8. dxe4 a5 9. a4 Qe7 10. Qc2 Nd8 11. Be2 b6 12. Nc4 Bb7 13. Bd3 Nd7 14. Rb1 Bc6 15. Bd2 Bd6 16. Be3 Ne6 17. Nxd6 Qxd6 18. Bb5 Ndc5 19. b4 Bxb5 20. axb5 axb4 21. cxb4 Qd3 22. Qxd3 Nxd3 23. Rb3 Rfd8 24. g3 Ra4 25. Rfb1 g6 26. Ng5 Nxg5 27. Bxg5 Rd4 28. Rc3 Kg7 29. Be3 Rdxb4 30. Rxb4 Nxb4 31. Rxc7 Ra5 32. Rc3 f5 33. Rb3 Nc2 34. Bxb6 Ra3 35. Rb1 Ra8 36. Bc7 Na3 37. Ra1 1-0

[Event "Arsen Yeghiazaryan Memorial 2022"]
[Site "Yerevan"]
[Date "2022.07.08"]
[Round "8.2"]
[White "Piliposyan, Robert"]
[Black "Alaverdyan, Gevorg"]
[Result "1-0"]
[ECO "E73"]
[WhiteElo "2287"]
[BlackElo "2336"]
[Annotator "RC"]
[PlyCount "89"]
[EventDate "2022.06.30"]
[EventType "tourn"]
[EventCountry "ARM"]
[SourceTitle "playchess.com"]
[Source "ChessBase"]
[SourceQuality "1"]
[TimeControl "40/5400+30:1800+30"]

1. d4 Nf6 2. c4 g6 3. Nc3 Bg7 4. e4 d6 5. Be2 O-O 6. Be3 Na6 7. h4 h5 8. Nf3 Ng4 9. Bg5 f6 10. Bc1 e5 11. d5 c6 12. O-O f5 13. exf5 gxf5 14. Ng5 c5 15. f3 Nf6 16. f4 Qe8 17. Nb5 e4 18. Nxd6 Qg6 19. Nxc8 Rfxc8 20. Bd2 Ng4 21. Bxg4 Bd4+ 22. Kh2 hxg4 23. Bc3 Qf6 24. Qd2 Nb4 25. Bxb4 cxb4 26. Qxb4 Rab8 27. Rad1 Bc5 28. Qb5 Qd6 29. Qb3 Qh6 30. g3 Bd6 31. Ne6 b6 32. Qc3 Re8 33. b4 Rxe6 34. dxe6 Qxe6 35. Rd5 Rc8 36. Rfd1 Bf8 37. c5 bxc5 38. bxc5 e3 39. Qe5 Qa6 40. Qxe3 Rb8 41. Rxf5 Rb2+ 42. Rd2 Qxa2 43. Rfd5 Qxd5 44. Rxb2 Bxc5 45. Qb3 1-0

[Event "Arsen Yeghiazaryan Memorial 2022"]
[Site "Yerevan"]
[Date "2022.07.08"]
[Round "8.3"]
[White "Hayrapetyan, Hovik"]
[Black "Atakhan, Abtin"]
[Result "1/2-1/2"]
[ECO "D85"]
[WhiteElo "2481"]
[BlackElo "2344"]
[Annotator "RC"]
[PlyCount "27"]
[EventDate "2022.06.30"]
[EventType "tourn"]
[EventCountry "ARM"]
[SourceTitle "playchess.com"]
[Source "ChessBase"]
[SourceQuality "1"]
[TimeControl "40/5400+30:1800+30"]

1. d4 Nf6 2. c4 g6 3. Nc3 d5 4. cxd5 Nxd5 5. e4 Nxc3 6. bxc3 Bg7 7. Nf3 c5 8. Rb1 O-O 9. Be2 cxd4 10. cxd4 Qa5+ 11. Bd2 Qxa2 12. O-O Bg4 13. Rxb7 Bxf3 14. Bxf3 1/2-1/2

[Event "Arsen Yeghiazaryan Memorial 2022"]
[Site "Yerevan"]
[Date "2022.07.08"]
[Round "8.4"]
[White "Yeremyan, Alen"]
[Black "Nazari, Arad"]
[Result "1/2-1/2"]
[ECO "D79"]
[WhiteElo "2233"]
[BlackElo "2401"]
[Annotator "RC"]
[PlyCount "74"]
[EventDate "2022.06.30"]
[EventType "tourn"]
[EventCountry "ARM"]
[SourceTitle "playchess.com"]
[Source "ChessBase"]
[SourceQuality "1"]
[TimeControl "40/5400+30:1800+30"]

1. d4 Nf6 2. c4 g6 3. g3 c6 4. Bg2 d5 5. Nf3 Bg7 6. O-O O-O 7. Ne5 Ng4 8. Nxg4 Bxg4 9. cxd5 cxd5 10. Nc3 Nc6 11. h3 Bd7 12. e3 e6 13. b3 Re8 14. Bb2 Rc8 15. Rc1 Ne7 16. Qd2 Nf5 17. Ne2 Qb6 18. Nf4 Qa6 19. Bc3 b6 20. Bb4 Qb7 21. Rfe1 Rxc1 22. Rxc1 Rc8 23. Bf1 a5 24. Ba3 Rc6 25. Nd3 Nd6 26. Rxc6 Qxc6 27. Ne5 Bxe5 28. dxe5 Ne4 29. Qd3 Qc3 30. f3 Qxd3 31. Bxd3 Nc3 32. Bd6 Nxa2 33. Bc7 a4 34. bxa4 Bxa4 35. Bxb6 Bb3 36. Ba5 Ba4 37. Bb6 Bb3 1/2-1/2

[Event "Arsen Yeghiazaryan Memorial 2022"]
[Site "Yerevan"]
[Date "2022.07.08"]
[Round "8.5"]
[White "Morchiashvili, Bachana"]
[Black "Yeritsyan, Hayk"]
[Result "1/2-1/2"]
[ECO "D26"]
[WhiteElo "2305"]
[BlackElo "2249"]
[Annotator "RC"]
[PlyCount "110"]
[EventDate "2022.06.30"]
[EventType "tourn"]
[EventCountry "ARM"]
[SourceTitle "playchess.com"]
[Source "ChessBase"]
[SourceQuality "1"]
[TimeControl "40/5400+30:1800+30"]

1. d4 d5 2. Nf3 Nf6 3. c4 e6 4. e3 a6 5. a3 dxc4 6. Bxc4 b5 7. Bd3 Bb7 8. O-O Nbd7 9. b4 Bd6 10. Bb2 Qe7 11. Nbd2 e5 12. e4 O-O 13. Re1 Rfe8 14. Rc1 Rad8 15. Nb3 exd4 16. Na5 Ba8 17. e5 Bxe5 18. Nc6 Bxc6 19. Rxc6 Nd5 20. Bxd4 Nf4 21. Bb1 Qf8 22. Qc2 g6 23. Bxe5 Nd3 24. Qxd3 Nxe5 25. Rxe5 Rxe5 26. Nxe5 Rxd3 27. Bxd3 Qd8 28. Bf1 Qd5 29. Rc5 Qb3 30. Rxc7 Qxa3 31. Nd3 Kg7 32. Ra7 h5 33. h4 Kg8 34. g3 Kf8 35. Kg2 Qa2 36. Nc5 Qd2 37. Nxa6 Kg7 38. Kg1 g5 39. hxg5 Qxg5 40. Nc5 Qg4 41. Nd3 Qf5 42. Rc7 h4 43. Rc5 Qg4 44. Ne5 Qxb4 45. Rxb5 Qe4 46. gxh4 f6 47. Nd7 Qg4+ 48. Bg2 Qd1+ 49. Kh2 Qd6+ 50. Kg1 Qd1+ 51. Kh2 Qd6+ 52. Kh1 Qd1+ 53. Kh2 Qd6+ 54. Kg1 Qd1+ 55. Kh2 Qd6+ 1/2-1/2

[Event "Arsen Yeghiazaryan Memorial 2022"]
[Site "Yerevan"]
[Date "2022.07.09"]
[Round "9.1"]
[White "Agasarov, Benik"]
[Black "Yeremyan, Alen"]
[Result "0-1"]
[ECO "B31"]
[WhiteElo "2225"]
[BlackElo "2233"]
[Annotator "RC"]
[PlyCount "86"]
[EventDate "2022.06.30"]
[EventType "tourn"]
[EventCountry "ARM"]
[SourceTitle "playchess.com"]
[Source "ChessBase"]
[SourceQuality "1"]
[TimeControl "40/5400+30:1800+30"]

1. e4 c5 2. Nf3 Nc6 3. Bb5 g6 4. O-O Bg7 5. Bxc6 dxc6 6. d3 b6 7. h3 Qc7 8. a4 a5 9. e5 Be6 10. Re1 h6 11. Nc3 g5 12. Qe2 O-O-O 13. Bd2 g4 14. hxg4 Bxg4 15. Qe4 h5 16. Nd1 Nh6 17. Ne3 e6 18. Bc3 Rhg8 19. Ng5 Bf8 20. Nxg4 hxg4 21. Bd2 Rg6 22. Qc4 Kb7 23. c3 Qd7 24. Ne4 Qd5 25. Bg5 Rc8 26. Bxh6 Rxh6 27. Qxd5 cxd5 28. Nf6 Rg6 29. c4 Be7 30. Nh5 Rg5 31. Nf4 Rf5 32. g3 Bg5 33. Ng2 Rd8 34. Ne3 Bxe3 35. Rxe3 dxc4 36. dxc4 Rd2 37. Rf1 Rxb2 38. f3 Rc2 39. Re4 gxf3 40. g4 Rg2+ 41. Kh1 Rg5 42. Rxf3 R2xg4 43. Rxf7+ Ka6 0-1

[Event "Arsen Yeghiazaryan Memorial 2022"]
[Site "Yerevan"]
[Date "2022.07.09"]
[Round "9.3"]
[White "Yeritsyan, Hayk"]
[Black "Hayrapetyan, Hovik"]
[Result "0-1"]
[ECO "B90"]
[WhiteElo "2249"]
[BlackElo "2481"]
[Annotator "RC"]
[PlyCount "114"]
[EventDate "2022.06.30"]
[EventType "tourn"]
[EventCountry "ARM"]
[SourceTitle "playchess.com"]
[Source "ChessBase"]
[SourceQuality "1"]
[TimeControl "40/5400+30:1800+30"]

1. e4 c5 2. Nf3 d6 3. d4 cxd4 4. Nxd4 Nf6 5. Nc3 a6 6. Be3 e5 7. Nb3 Be7 8. f3 Be6 9. Qd2 h5 10. Nd5 Bxd5 11. exd5 Nbd7 12. O-O-O Rc8 13. Qf2 Qc7 14. Kb1 b5 15. Rg1 Bd8 16. g4 hxg4 17. fxg4 Ne4 18. Qg2 Bg5 19. Bxg5 Nxg5 20. Bd3 Nh3 21. Rge1 Kf8 22. Qd2 Nf4 23. Be4 Nf6 24. Bf5 Rd8 25. g5 N6xd5 26. g6 f6 27. Rf1 Rh4 28. Qe1 Ng2 29. Qg3 Nde3 30. Rde1 Nxf5 31. Qxg2 Ne7 32. Nd2 Rh6 33. Ne4 Rxg6 34. Qh3 Qc8 35. Qh5 Qg4 36. Qh8+ Ng8 37. h3 Qe6 38. Qh5 Rh6 39. Ng5 Qc4 40. Qf3 Ne7 41. b3 Qc8 42. Re3 Kg8 43. Ne4 d5 44. Nf2 Qe6 45. Ng4 Rg6 46. Ree1 Rc8 47. Rg1 Qf5 48. Qe2 Rc3 49. h4 Rh3 50. Qd1 d4 51. Ref1 Qe6 52. h5 Nd5 53. Ka1 Nc3 54. Nxf6+ Rxf6 55. Rxf6 Qxf6 56. Qg4 Rf3 57. Kb2 Rf2 0-1

[Event "Arsen Yeghiazaryan Memorial 2022"]
[Site "Yerevan"]
[Date "2022.07.09"]
[Round "9.4"]
[White "Nazari, Arad"]
[Black "Morchiashvili, Bachana"]
[Result "1/2-1/2"]
[ECO "E11"]
[WhiteElo "2401"]
[BlackElo "2305"]
[Annotator "RC"]
[PlyCount "92"]
[EventDate "2022.06.30"]
[EventType "tourn"]
[EventCountry "ARM"]
[SourceTitle "playchess.com"]
[Source "ChessBase"]
[SourceQuality "1"]
[TimeControl "40/5400+30:1800+30"]

1. d4 Nf6 2. c4 e6 3. Nf3 d5 4. g3 Bb4+ 5. Bd2 Be7 6. Bg2 O-O 7. O-O c6 8. Qc2 b6 9. Bg5 Ba6 10. Nbd2 Nbd7 11. Rac1 Rc8 12. Rfd1 h6 13. Bxf6 Nxf6 14. Ne5 Qe8 15. e4 Bb7 16. Qa4 a6 17. c5 b5 18. Qa3 Nd7 19. Nxd7 Qxd7 20. exd5 exd5 21. Re1 Rce8 22. Qd3 Bd8 23. b4 a5 24. Nf3 Rxe1+ 25. Rxe1 Re8 26. Ne5 Qc8 27. Bf3 Bc7 28. bxa5 f6 29. Bg4 Qd8 30. Nf3 Rxe1+ 31. Nxe1 Bxa5 32. Be6+ Kf8 33. Ng2 Qe8 34. Qf5 Ke7 35. Nf4 Kd8 36. h4 Bd2 37. Ne2 b4 38. Qd3 Qxe6 39. Qxd2 Qe4 40. Qxb4 Qxe2 41. Qxb7 Qe1+ 42. Kg2 Qe4+ 43. f3 Qc2+ 44. Kh3 Qf5+ 45. Kg2 Qc2+ 46. Kh3 Qf5+ 1/2-1/2

[Event "Arsen Yeghiazaryan Memorial 2022"]
[Site "Yerevan"]
[Date "2022.07.09"]
[Round "9.5"]
[White "Alaverdyan, Gevorg"]
[Black "Quparadze, Giga"]
[Result "0-1"]
[ECO "B42"]
[WhiteElo "2336"]
[BlackElo "2482"]
[Annotator "RC"]
[PlyCount "76"]
[EventDate "2022.06.30"]
[EventType "tourn"]
[EventCountry "ARM"]
[SourceTitle "playchess.com"]
[Source "ChessBase"]
[SourceQuality "1"]
[TimeControl "40/5400+30:1800+30"]

1. e4 c5 2. Nf3 e6 3. d4 cxd4 4. Nxd4 a6 5. Bd3 Ne7 6. O-O g6 7. Bd2 Bg7 8. Bc3 e5 9. Nf3 Nbc6 10. Bc4 d6 11. a4 O-O 12. Qd3 Be6 13. Rd1 Qd7 14. Na3 Rad8 15. Bd5 Bg4 16. Bb3 Nd4 17. Bxd4 exd4 18. Nc4 Qc7 19. h3 Bxf3 20. Qxf3 d5 21. exd5 Nxd5 22. Re1 Nb4 23. Rad1 Nxc2 24. Bxc2 Qxc4 25. Bb3 Qb4 26. Re4 Kh8 27. Rde1 f5 28. Re7 d3 29. Qxb7 Qxb7 30. Rxb7 d2 31. Rd1 Bxb2 32. Bc4 Rfe8 33. Kf1 Bc3 34. Be2 a5 35. Rc7 Bb4 36. g3 Re5 37. Bf3 Re1+ 38. Kg2 Rd3 0-1